 Dungeon Crawl Stone Soup version 0.29.0-4-gdea44cf6ec (webtiles) character file.

Game seed: 9216895679765449107

450 qw the Chopper (level 7, -2/41 HPs)
             Began as a Tengu Warper on Aug 28, 2022.
             Killed by nerve-wracking pain
             ... invoked by Menkaure
              (4 damage)
             ... on level 5 of the Dungeon.
             The game lasted 00:00:28 (4185 turns).

qw the Chopper (Tengu Warper)                       Turns: 4185, Time: 00:00:28

Health: -2/41      AC:  6    Str: 14    XL:     7   Next: 4%
Magic:  11/11      EV: 13    Int: 13    God:
Gold:   274        SH:  0    Dex: 13    Spells: 10/10 levels left

rFire   . . .      SeeInvis .   Y - +6 war axe (venom)
rCold   . . .      Faith    .   (no shield)
rNeg    . . .      Spirit   .   i - +1 ring mail {rPois}
rPois   +          Reflect  .   (helmet restricted)
rElec   .          Harm     .   (no cloak)
rCorr   .          Rampage  .   (no gloves)
Will    .....                   (boots unavailable)
Stlth   +.........              (no amulet)
HPRegen 0.13/turn               (no ring)
MPRegen 0.12/turn               (no ring)

@: flying quickly and evasively, quick
A: beak, talons 3, nimble flight
a: no special abilities


You were on level 5 of the Dungeon.
You visited 2 branches of the dungeon, and saw 6 of its levels.

You collected 274 gold pieces.


Innate Abilities, Weirdness & Mutations

You have a beak for a mouth.
You have claws for feet.
Your magical nature lets you fly swiftly and evasively.


   Skills:
 - Level 3.3 Fighting
 + Level 7.4 Axes
 - Level 1.0 Throwing
 - Level 1.1 Armour
 - Level 2.1 Dodging
 - Level 2.0 Spellcasting
 - Level 2.4 Translocations


You had 10 spell levels left.
You didn't know any spells.
Your spell library contained the following spells:

 Spells                   Type           Power      Damage    Failure   Level
 Blink                    Tloc           14%        N/A       30%         2
 Gell's Gravitas          Tloc           7%         N/A       52%         3
 Lesser Beckoning         Tloc           7%         N/A       52%         3
 Teleport Other           Tloc           7%         N/A       52%         3
 Manifold Assault         Tloc           7%         N/A       99%         5

Inventory:

Hand Weapons
 l - a +0 flail
 Y - a +6 war axe of venom (weapon)
Missiles
 j - 3 boomerangs (quivered)
Armour
 c - a +0 scale mail
 i - a +1 ring mail of poison resistance (worn)
Scrolls
 g - 2 scrolls of identify
Potions
 a - a potion of mutation
 d - a potion of haste
 e - a potion of flight {unknown}
 f - a potion of curing
 h - a potion of attraction {unknown}
 m - a potion of brilliance {unknown}
 n - a potion of lignification {unknown}

Dungeon Overview and Level Annotations

Branches:
Dungeon (5/15)             Temple (1/1) D:5

Altars:
Ashenzari
Cheibriados
Dithmenos
Hepliaklqana
Kikubaaqudgha
Nemelex Xobeh
Qazlal
Ru
Sif Muna
Uskayaw
Wu Jian
Yredelemnul
Zin

Shops:
D:2 =

Annotations:
D:4 Natasha
D:5 Menkaure


Message History

You slash the orc!
You kill the orc!
The adder hisses angrily.
Throw: boomerang (disperse)
Press: ? - help, Q - select action, (/) - cycle Shift-Dir - straight line, f - adder You throw a boomerang of dispersal.
The boomerang of dispersal closely misses the adder.
Throw: 3 boomerangs
Press: ? - help, Q - select action Shift-Dir - straight line, f/p - adder You throw a boomerang.
The boomerang hits the adder.
The adder is lightly wounded.
Throw: 3 boomerangs
Press: ? - help, Q - select action Shift-Dir - straight line, f/p - adder You throw a boomerang.
The boomerang completely misses the adder.
You slash the adder!
The adder is poisoned.
Your peck misses the adder.
The adder is almost dead.
The adder barely misses you.
You barely miss the adder. You peck the adder.
You kill the adder!
Things that are here:
a +0 dagger; an orc corpse Menkaure shouts!
4173 ||| Stepping ~*~*~tactically~*~*~ (hiding).
You start waiting.
Menkaure is nearby!
Menkaure calls on the powers of darkness!
Your body is wracked with pain!
Menkaure calls on the powers of darkness!
Your body is wracked with pain!
You hit Menkaure. You peck Menkaure, but do no damage.
Menkaure is moderately damaged.
You barely miss Menkaure. You claw Menkaure.
Menkaure is moderately damaged.
Menkaure hits you!
You slash Menkaure! You peck Menkaure.
Menkaure is almost destroyed.
Menkaure casts a spell at you. Pain shoots through your body!
You die...

#..........###........#.......
..........(..#........#.......
......................#.......
...................#########.
####..............## ## #.
#.............)##..# ###.
#..................# ###'
#.....###..........# ##}.
......#..@.......#.....+.>
##......M.........#####}.
#..............##.# ####
#..............#.# ###.
##...(...........# #.
##...............# #.
#................. ..
.......#...$.......... ##
.......##............


You could see Menkaure.

Vanquished Creatures
  A phantom (D:4)
  2 hounds
  Terence (D:3)
  Natasha (twice) (D:4)
  4 gnolls (D:3)
  8 adders
  4 worms
  7 dart slugs
  6 orcs
  A bat (D:3)
  6 endoplasms
  3 giant cockroaches
  8 goblins
  11 hobgoblins
  11 jackals
  5 quokkas
  7 ball pythons
  5 frilled lizards
  8 kobolds
  6 rats
106 creatures vanquished.

Vanquished Creatures (others)
  A jackal (D:3)
1 creature vanquished.

Grand Total: 107 creatures vanquished

Notes
Turn   | Place    | Note
-------+----------+-------------------------------------------
     0 | D:1      | qw the Tengu Warper began the quest for the Orb.
     0 | D:1      | Reached XP level 1. HP: 12/12 MP: 4/4
     0 | D:1      | 0 ||| qw: Version: 0.1-a-89-g26bdef1
     0 | D:1      | 0 ||| qw: Game counter: 1025
     0 | D:1      | 0 ||| qw: Always use a shield: true
     0 | D:1      | 0 ||| qw: God list: Okawaru
     0 | D:1      | 0 ||| qw: Allow faded altars: false
     0 | D:1      | 0 ||| qw: Do Orc after D:15 true
     0 | D:1      | 0 ||| qw: Do second Lair branch before Depths: true
     0 | D:1      | 0 ||| qw: Lair rune preference: random
     0 | D:1      | 0 ||| qw: Plans: Normal
     0 | D:1      | 0 ||| PLANNING D:1-11
    36 | D:1      | Reached XP level 2. HP: 12/17 MP: 6/6
    47 | D:1      | Reached skill level 3 in Axes
   447 | D:1      | Found a faded altar of an unknown god.
   589 | D:1      | 589 ||| Stepping ~*~*~tactically~*~*~ (stealth).
   853 | D:1      | Reached XP level 3. HP: 21/21 MP: 7/7
   861 | D:1      | 861 ||| Stepping ~*~*~tactically~*~*~ (stealth).
   891 | D:1      | 891 ||| Stepping ~*~*~tactically~*~*~ (stealth).
   893 | D:1      | 893 ||| Stepping ~*~*~tactically~*~*~ (stealth).
   900 | D:1      | Reached skill level 4 in Axes
  1023 | D:1      | 1023 ||| DROPPING ring of wizardry.
  1024 | D:1      | 1024 ||| READING scroll labelled WOEPIF CIQ.
  1025 | D:1      | 1025 ||| READING scroll labelled MEBESTIXIF.
  1026 | D:1      | 1026 ||| READING scroll labelled YDOUKLOULOM.
  1027 | D:1      | 1027 ||| READING scroll labelled SENIRI UBOFEMA.
  1030 | D:1      | 1030 ||| READING scroll labelled MEHOFI QAXELOE.
  1031 | D:1      | 1031 ||| DROPPING scroll of blinking.
  1175 | D:2      | 1175 ||| DROPPING +0 club.
  1265 | D:2      | 1265 ||| Stepping ~*~*~tactically~*~*~ (stealth).
  1266 | D:2      | 1266 ||| Stepping ~*~*~tactically~*~*~ (stealth).
  1334 | D:2      | Found Jogih's Jewellery Boutique.
  1343 | D:2      | 1343 ||| SHOPLISTING +6 ring of strength (432 gold, have
                  | 80).
  1343 | D:2      | 1343 ||| SHOPLISTING amulet of reflection (360 gold, have
                  | 80).
  1343 | D:2      | 1343 ||| SHOPLISTING ring of protection from fire (300
                  | gold, have 80).
  1343 | D:2      | 1343 ||| SHOPLISTING ring of see invisible (180 gold, have
                  | 80).
  1388 | D:2      | 1388 ||| Stepping ~*~*~tactically~*~*~ (hiding).
  1490 | D:2      | 1490 ||| Stepping ~*~*~tactically~*~*~ (hiding).
  1592 | D:2      | 1592 ||| Stepping ~*~*~tactically~*~*~ (hiding).
  1611 | D:2      | 1611 ||| Stepping ~*~*~tactically~*~*~ (hiding).
  1713 | D:2      | 1713 ||| Stepping ~*~*~tactically~*~*~ (hiding).
  1815 | D:2      | 1815 ||| Stepping ~*~*~tactically~*~*~ (hiding).
  1901 | D:2      | Reached XP level 4. HP: 26/26 MP: 8/8
  2070 | D:2      | 2070 ||| UPGRADING to +1 ring mail of poison resistance.
  2080 | D:2      | 2080 ||| DROPPING +0 leather armour.
  2081 | D:2      | 2081 ||| READING scroll labelled JYH TOTRUETI.
  2082 | D:2      | 2082 ||| READING scroll labelled DAEJANEURYL.
  2083 | D:2      | 2083 ||| READING scroll labelled BELAGO TEUFI.
  2083 | D:2      | Identified a scroll of acquirement
  2083 | D:2      | 2083 ||| ACQUIRING +5 war axe of venom
  2083 | D:2      | Acquired a +5 war axe of venom
  2085 | D:2      | 2085 ||| SWAPPING to +5 war axe of venom.
  2086 | D:2      | 2086 ||| DROPPING +0 hand axe.
  2134 | D:3      | Reached skill level 5 in Axes
  2202 | D:3      | 2202 ||| FLEEEEING.
  2252 | D:3      | Found a stormy altar of Qazlal.
  2319 | D:3      | 2319 ||| Stepping ~*~*~tactically~*~*~ (stealth).
  2320 | D:3      | 2320 ||| Stepping ~*~*~tactically~*~*~ (stealth).
  2323 | D:3      | 2323 ||| Stepping ~*~*~tactically~*~*~ (stealth).
  2328 | D:3      | 2328 ||| Stepping ~*~*~tactically~*~*~ (stealth).
  2331 | D:3      | 2331 ||| Stepping ~*~*~tactically~*~*~ (stealth).
  2335 | D:3      | 2335 ||| Stepping ~*~*~tactically~*~*~ (hiding).
  2448 | D:3      | 2448 ||| Stepping ~*~*~tactically~*~*~ (stealth).
  2488 | D:3      | Gained mutation: Your magical nature lets you fly swiftly
                  | and evasively. [Tengu growth]
  2488 | D:3      | Reached XP level 5. HP: 30/30 MP: 9/9
  2540 | D:3      | 2540 ||| Stepping ~*~*~tactically~*~*~ (stealth).
  2558 | D:3      | 2558 ||| DROPPING +0 whip.
  2589 | D:3      | 2589 ||| Stepping ~*~*~tactically~*~*~ (hiding).
  2592 | D:3      | 2592 ||| Stepping ~*~*~tactically~*~*~ (stealth).
  2601 | D:3      | Reached skill level 6 in Axes
  2605 | D:3      | 2605 ||| FLEEEEING.
  2607 | D:3      | 2607 ||| FLEEEEING.
  2608 | D:3      | 2608 ||| FLEEEEING.
  2609 | D:3      | 2609 ||| FLEEEEING.
  2657 | D:3      | 2657 ||| Stepping ~*~*~tactically~*~*~ (stealth).
  2659 | D:3      | 2659 ||| Stepping ~*~*~tactically~*~*~ (stealth).
  2675 | D:3      | Noticed Terence
  2684 | D:3      | Killed Terence
  2790 | D:3      | 2790 ||| Stepping ~*~*~tactically~*~*~ (stealth).
  2792 | D:3      | 2792 ||| Stepping ~*~*~tactically~*~*~ (stealth).
  2824 | D:3      | 2824 ||| Stepping ~*~*~tactically~*~*~ (stealth).
  2864 | D:3      | 2864 ||| Stepping ~*~*~tactically~*~*~ (stealth).
  2875 | D:3      | Reached XP level 6. HP: 33/35 MP: 10/10
  3041 | D:3      | 3041 ||| Stepping ~*~*~tactically~*~*~ (stealth).
  3125 | D:3      | 3125 ||| READING scroll labelled JESAYBRIRU.
  3126 | D:3      | 3126 ||| READING scroll labelled BOEJ UMINK.
  3127 | D:3      | 3127 ||| DRINKING 2 smoky clear potions.
  3128 | D:3      | 3128 ||| READING 2 scrolls of identify.
  3128 | D:3      | 3128 ||| IDENTIFYING fizzy emerald potion
  3158 | D:4      | 3158 ||| Stepping ~*~*~tactically~*~*~ (stealth).
  3169 | D:4      | Reached skill level 7 in Axes
  3238 | D:4      | Noticed Natasha
  3241 | D:4      | 3241 ||| Stepping ~*~*~tactically~*~*~ (hiding).
  3242 | D:4      | 3242 ||| Stepping ~*~*~tactically~*~*~ (hiding).
  3248 | D:4      | Killed Natasha
  3307 | D:4      | Reached skill level 3 in Fighting
  3569 | D:4      | Found an ornate altar of the Wu Jian Council.
  3635 | D:4      | Noticed Natasha
  3636 | D:4      | 3636 ||| Stepping ~*~*~tactically~*~*~ (stealth).
  3637 | D:4      | 3637 ||| Stepping ~*~*~tactically~*~*~ (stealth).
  3641 | D:4      | Killed Natasha
  3746 | D:4      | 3746 ||| READING scroll labelled FACWAP SOCAEPT.
  3847 | D:4      | 3847 ||| READING 2 scrolls labelled NAMAJOR GIFOI.
  3848 | D:4      | 3848 ||| DRINKING 2 lumpy orange potions.
  3849 | D:4      | 3849 ||| READING 2 scrolls of identify.
  3849 | D:4      | 3849 ||| IDENTIFYING bubbling ruby potion
  3850 | D:4      | 3850 ||| DROPPING scroll of poison.
  3857 | D:4      | Noticed Natasha
  3858 | D:4      | 3858 ||| Stepping ~*~*~tactically~*~*~ (stealth).
  3872 | D:5      | Entered Level 5 of the Dungeon
  3915 | D:5      | Found a staircase to the Ecumenical Temple.
  3916 | D:5      | 3916 ||| PLANNING TEMPLE
  3954 | Temple   | Entered the Ecumenical Temple
  3955 | Temple   | 3955 ||| READING 2 scrolls of teleportation.
  3956 | Temple   | 3956 ||| PLANNING D:1-11
  3991 | D:5      | Reached XP level 7. HP: 39/41 MP: 11/11
  4011 | D:5      | Noticed Menkaure
  4013 | D:5      | 4013 ||| Stepping ~*~*~tactically~*~*~ (hiding).
  4015 | D:5      | HP: 4/41 [Menkaure (18)]
  4016 | D:5      | 4016 ||| READING scroll of teleportation.
  4017 | D:5      | 4017 ||| DRINKING potion of heal wounds.
  4135 | D:5      | Found a broken altar of Ashenzari.
  4146 | D:5      | 4146 ||| Stepping ~*~*~tactically~*~*~ (stealth).
  4173 | D:5      | 4173 ||| Stepping ~*~*~tactically~*~*~ (hiding).
  4184 | D:5      | HP: 2/41 [Menkaure (10)]
  4185 | D:5      | Killed from afar by Menkaure

Levels and vault maps discovered:
D:1:      ncdulo_wetmaze, layout_loops_ring,
          ebering_ecumenical_altar_sacrificial, minmay_cupped
D:2:      layout_basic, serial_shops, shop
D:3:      minmay_recursive_quarters, layout_rooms, grunt_qazlal_clouds,
          uniq_terence
D:4:      layout_cave_pools, nicolae_wu_jian_glorious_leap, minmay_bisected,
          uniq_natasha
D:5:      layout_cave_pools, evilmike_ruin_ashenzari,
          nicolae_overflow_crystal_walls, temple_doors_e, uniq_menkaure
Temple:   hellmonk_temple_micro_hex

Skill      XL: |  1  2  3  4  5  6 |
---------------+-------------------+-----
Axes           | 3 4 5 6 7 |  7.4
Fighting       | 3 |  3.3
Throwing       | |  1.0
Armour         | |  1.1
Dodging        | |  2.1
Spellcasting   | |  2.0
Translocations | |  2.4

Action                   |  1- 3 |  4- 6 |  7- 9 || total
-------------------------+-------+-------+-------++-------
Melee: Hand axe          |    83 |     6 |       ||    89
       Kick              |    20 |    21 |     1 ||    42
       Peck              |     5 |    10 |     5 ||    20
       Punch             |     2 |       |       ||     2
       War axe           |       |    92 |    10 ||   102
Throw: Boomerang         |    25 |    87 |     4 ||   116
  Use: Scroll            |     5 |    10 |     1 ||    16
       Potion            |       |     2 |     1 ||     3
Armor: Leather armour    |    14 |     2 |       ||    16
       Ring mail         |       |    20 |       ||    20
Dodge: Dodged            |    33 |    38 |     2 ||    73

Table legend:
 A = Non-vault XP
 B = Vault XP
 C = Vault XP percentage of total XP
 D = Non-vault monster count
 E = Vault monster count
 F = Vault count percentage of total count
                 A         B        C        D         E       F
            +---------+---------+-------+---------+---------+-------
      Total |     522 |     121 |  18.8 |      87 |      19 |  17.9
            +---------+---------+-------+---------+---------+-------
        D:1 |      37 |       9 |  19.6 |      21 |       4 |  16.0
        D:2 |      57 |       0 |   0.0 |      18 |       0 |   0.0
        D:3 |     150 |      74 |  33.0 |      29 |      12 |  29.3
        D:4 |     216 |      38 |  15.0 |      15 |       3 |  16.7
        D:5 |      62 |       0 |   0.0 |       4 |       0 |   0.0
            +---------+---------+-------+---------+---------+-------
